 Dungeon Crawl Stone Soup version 0.30-a0-879-ga8ba668304 (webtiles) character file.

Game seed: 13198311520514718611

607814 Zonian the Warrior (level 27, -6/165 HPs)
             Began as a Vine Stalker Fighter on Mar 4, 2023.
             Was a High Priest of Ashenzari.
             Mangled by a juggernaut (60 damage)
             ... on level 8 of a ziggurat on Mar 13, 2023.
             The game lasted 05:17:10 (77903 turns).

Zonian the Warrior (Vine Stalker Fighter)          Turns: 77903, Time: 05:17:11

Health: -6/165     AC: 31    Str: 33    XL:     27
Magic:  0/46       EV: 28    Int: 11    God:    Ashenzari [*****.]
Gold:   6169       SH: 20    Dex: 22    Spells: 38/64 levels left

rFire   + + .      SeeInvis +      - Unarmed
rCold   + . .      Faith    .    l - +5 kite shield of the Esoteric Annoyance {AC+3, Melee, Range} (curse)
rNeg    + + .      Spirit   +    W - +4 scale mail "Eternal Discomfort" {rElec rN++ Int-3 Stlth+, Melee, Evo} (curse)
rPois   +          Reflect  .    r - +2 helmet of the Ruined Sun {Int+3, Alch, Melee} (curse)
rElec   +          Rampage  .    K - +2 cloak "Bound With Me" {rCorr, Self, Melee} (curse)
rCorr   +          Clarity  +    y - +2 pair of gloves "Lashed Burden" {rF+ Will- MP+9, Fort, Self} (curse)
Will    ++...                    b - +2 pair of slick slippers {slick, slippery, EV+5, Bglg, Evo} (curse)
Stlth   +++++++                  j - amulet "Chained With Me" {Regen+, Fort, Melee} (curse)
HPRegen 2.07/turn                s - ring "Share My Omen" {rPois rC++ Dex+3 SInv Stlth+, Self, Elem} (curse)
MPRegen 0.30/turn                R - ring "At What Cost Knowledge?" {rF+ Str+6 Slay+6, Alch, Fort} (curse)

@: studying Shields
A: fangs 3, regeneration 1, magic shield, antimagic bite, no potion heal 2,
agile 1, low MP 2, shaggy fur 1, cold vulnerability 1, subdued magic 1
}: 4/15 runes: serpentine, barnacled, slimy, silver
a: Renounce Religion, Curse Item, Shatter the Chains


You were on level 8 of a ziggurat.
You worshipped Ashenzari.
Ashenzari was extremely pleased with you.
You visited 12 branches of the dungeon, and saw 56 of its levels.
You visited the Abyss 2 times.
You visited 1 bazaar.
You visited 1 ziggurat, and saw 8 of its levels.
You also visited: Trove.

You collected 12117 gold pieces.
You spent 5948 gold pieces at shops.

Inventory:

Missiles
 f - 2 throwing nets
 E - 11 javelins
 J - 15 silver javelins
 L - 2 boomerangs of dispersal
 N - 45 boomerangs (quivered)
 T - 16 curare-tipped darts
Armour
 b - the cursed +2 pair of slick slippers (worn) {slick, slippery, EV+5, Bglg, Evo}
   (You found it in a treasure trove)

   Slick:     Its wearer cannot be constricted, engulfed, netted or webbed.
   Slippery:  It slips away from damaging melee attacks, pulling the attacker
   onward.
   EV:        It affects your evasion (+5).
   It has a curse which improves the following skills: Beguiling: Conjurations,
   Hexes and Translocations.
   Evocations: Evocations.
 l - the cursed +5 kite shield of the Esoteric Annoyance (worn) {AC+3, Melee, Range}
   (You took it off a tengu warrior on level 15 of the Dungeon)

   It has a curse which improves the following skills: Melee Combat: Short
   Blades, Long Blades, Axes, Maces & Flails, Polearms, Staves and Unarmed
   Combat.
   Ranged Combat: Ranged Weapons and Throwing.
 r - the cursed +2 helmet of the Ruined Sun (worn) {Int+3, Alch, Melee}
   (You found it in a treasure trove)

   It has a curse which improves the following skills: Alchemy: Poison Magic and
   Transmutations.
   Melee Combat: Short Blades, Long Blades, Axes, Maces & Flails, Polearms,
   Staves and Unarmed Combat.
 y - the cursed +2 pair of gloves "Lashed Burden" (worn) {rF+ Will- MP+9, Fort, Self}
   (You found it in a treasure trove)

   rF:        It protects you from fire.
   MP:        It affects your magic capacity (+9).
   Will:      It decreases your willpower.
   It has a curse which improves the following skills: Fortitude: Armour and
   Shields.
   Introspection: Fighting and Spellcasting.
 K - the cursed +2 cloak "Bound With Me" (worn) {rCorr, Self, Melee}
   (You found it on level 1 of the Shoals)

   It has a curse which improves the following skills: Introspection: Fighting
   and Spellcasting.
   Melee Combat: Short Blades, Long Blades, Axes, Maces & Flails, Polearms,
   Staves and Unarmed Combat.
 W - the cursed +4 scale mail "Eternal Discomfort" (worn) {rElec rN++ Int-3 Stlth+, Melee, Evo}
   (You bought it in a shop on level 13 of the Dungeon)

   Int:       It affects your intelligence (-3).
   rElec:     It insulates you from electricity.
   rN:        It greatly protects you from negative energy.
   Stlth:     It makes you more stealthy.
   It has a curse which improves the following skills: Melee Combat: Short
   Blades, Long Blades, Axes, Maces & Flails, Polearms, Staves and Unarmed
   Combat.
   Evocations: Evocations.
Jewellery
 j - the cursed amulet "Chained With Me" (around neck) {Regen+, Fort, Melee}
   (You bought it in a shop on level 2 of the Elven Halls)

   [amulet of regeneration]

   Regen:     It increases your rate of health regeneration.
   It has a curse which improves the following skills: Fortitude: Armour and
   Shields.
   Melee Combat: Short Blades, Long Blades, Axes, Maces & Flails, Polearms,
   Staves and Unarmed Combat.
 m - the amulet of Pyromania {Acrobat +Inv rElec rPois}
   (You found it on level 6 of a ziggurat)

   [amulet of the acrobat]

   It increases your evasion while moving and waiting.
   rElec:     It insulates you from electricity.
   rPois:     It protects you from poison.
   +Inv:      It lets you turn invisible.
 s - the cursed ring "Share My Omen" (left hand) {rPois rC++ Dex+3 SInv Stlth+, Self, Elem}
   (You bought it in a shop on level 2 of the Orcish Mines)

   [ring of see invisible]

   Dex:       It affects your dexterity (+3).
   rC:        It greatly protects you from cold.
   rPois:     It protects you from poison.
   SInv:      It lets you see invisible.
   Stlth:     It makes you more stealthy.
   It has a curse which improves the following skills: Introspection: Fighting
   and Spellcasting.
   Elements:  Fire Magic, Ice Magic, Air Magic and Earth Magic.
 R - the cursed ring "At What Cost Knowledge?" (right hand) {rF+ Str+6 Slay+6, Alch, Fort}
   (You took it off a deep elf annihilator on level 3 of the Elven Halls)

   [ring of strength]

   Str:       It affects your strength (+6).
   Slay:      It affects your accuracy & damage with ranged weapons and melee
   (+6).
   rF:        It protects you from fire.
   It has a curse which improves the following skills: Alchemy: Poison Magic and
   Transmutations.
   Fortitude: Armour and Shields.
Wands
 c - a wand of roots (19)
 d - a wand of flame (16)
 n - a wand of charming (41)
 O - a wand of digging (14)
 U - a wand of acid (31)
 Z - a wand of mindburst (11)
Scrolls
 a - 2 scrolls of fear
 h - 29 scrolls of teleportation
 i - 5 scrolls of silence
 o - 8 scrolls of blinking
 q - 4 scrolls of magic mapping
 t - 12 scrolls of fog
 w - 14 scrolls of poison
 Y - 2 scrolls of butterflies
Potions
 e - 6 potions of cancellation
 k - 24 potions of curing
 p - 4 potions of magic
 u - 10 potions of lignification
 v - 6 potions of haste
 B - 9 potions of flight
 C - 9 potions of brilliance
 F - 3 potions of might
 I - 3 potions of resistance
 P - 3 potions of berserk rage
 Q - 5 potions of invisibility
Miscellaneous
 A - a tin of tremorstones (2/2)
 D - a lightning rod (4/4)
 G - a box of beasts
 H - a phantom mirror (inert)
 S - a condenser vane (inert)
 V - a phial of floods


   Skills:
 + Level 19.4(23.6) Fighting
 - Level 15.8(18.0) Throwing
 - Level 11.5(16.0) Armour
 - Level 17.0 Dodging
 - Level 13.7 Stealth
 - Level 11.5(16.0) Shields
 - Level 17.2(23.4) Unarmed Combat
 - Level 14.6(19.0) Spellcasting
 - Level 5.7(8.0) Conjurations
 - Level 3.9(6.0) Hexes
 - Level 12.0 Summonings
 - Level 9.7(12.0) Translocations
 - Level 15.8(18.0) Air Magic
 - Level 11.5(15.0) Evocations


You had 38 spell levels left.
You knew the following spells:

 Your Spells              Type           Power      Damage    Failure   Level
a - Blink                 Tloc           56%        N/A       1%          2
b - Lesser Beckoning      Tloc           56%        N/A       1%          2
c - Airstrike             Air            19%        2d(3-19)  1%          4
d - Summon Lightning Spi  Summ/Air       33%        N/A       1%          4
e - Summon Forest         Summ/Tloc      14%        N/A       1%          5
f - Portal Projectile     Hex/Tloc       46%        N/A       1%          3
g - Swiftness             Air            38%        N/A       0%          3
h - Mephitic Cloud        Conj/Pois/Air  23%        N/A       1%          3

Your spell library contained the following spells:

 Spells                   Type           Power      Damage    Failure   Level
 Apportation              Tloc           56%        N/A       1%          1
 Magic Dart               Conj           84%        1d7       1%          1
 Shock                    Conj/Air       100%       1d9       1%          1
 Summon Small Mammal      Summ           100%       N/A       1%          1
 Call Imp                 Summ           28%        N/A       1%          2
 Cigotuvi's Dreadful Rot  Necr/Pois/Air  36%        N/A       1%          2
 Momentum Strike          Conj/Tloc      50%        3d9       1%          2
 Poisonous Vapours        Pois/Air       46%        N/A       1%          2
 Searing Ray              Conj           42%        2d6       1%          2
 Static Discharge         Conj/Air       60%        2-5/arc   1%          2
 Call Canine Familiar     Summ           28%        N/A       1%          3
 Dazzling Flash           Conj/Hex       38%        N/A       1%          3
 Gell's Gravitas          Tloc           28%        N/A       1%          3
 Kindle Blastsparks       Fire/Tloc/Air  50%        2d14      1%          3
 Vhi's Electric Charge    Tloc/Air       66%        N/A       1%          3
 Passage of Golubria      Tloc           28%        N/A       1%          4
 Arcjolt                  Conj/Air       15%        1d25      1%          5
 Lightning Bolt           Conj/Air       15%        1d29      1%          5
 Silence                  Hex/Air        14%        N/A       1%          5
 Tukima's Dance           Hex            18%        N/A       2%          3
 Ensorcelled Hibernation  Hex/Ice        26%        N/A       4%          2
 Hailstorm                Conj/Ice       15%        3d5       5%          3
 Fulminant Prism          Conj/Hex       9%         3d7       6%          4
 Freezing Cloud           Conj/Ice/Air   11%        6-21      8%          5
 Conjure Ball Lightning   Conj/Air       15%        3x3d6     8%          6
 Beastly Appendage        Tmut           16%        N/A       9%          1
 Sting                    Tmut/Pois      32%        1d4       9%          1
 Inner Flame              Hex/Fire       13%        N/A       9%          3
 Cause Fear               Hex            9%         N/A       9%          4
 Summon Ice Beast         Ice/Summ       18%        N/A       9%          4
 Freeze                   Ice            32%        1d5       10%         1
 Sandblast                Erth           16%        2d6       10%         1
 Iskenderun's Battlesphe  Conj           21%        2d7       12%         5
 Summon Cactus Giant      Summ           14%        N/A       12%         6
 Passwall                 Tmut/Erth      6%         N/A       14%         2
 Wereblood                Tmut           8%         N/A       14%         2
 Scorch                   Fire           16%        2d5       16%         2
 Flame Wave               Conj/Fire      15%        2d7       21%         4
 Sticky Flame             Conj/Fire      15%        2d4       21%         4
 Ignite Poison            Fire/Tmut/Pois 8%         N/A       28%         3
 Spider Form              Tmut/Pois      8%         N/A       28%         3
 Frozen Ramparts          Ice            16%        1d3       30%         3
 Leda's Liquefaction      Hex/Erth       6%         N/A       30%         4
 Anguish                  Hex/Necr       6%         N/A       32%         4
 Fireball                 Conj/Fire      7%         3d5       50%         5
 Irradiate                Conj/Tmut      7%         3d14      50%         5
 Summon Hydra             Summ           14%        N/A       58%         7
 Yara's Violent Unravell  Hex/Tmut       6%         3d5       63%         5
 Ice Form                 Ice/Tmut       8%         N/A       71%         4
 Animate Dead             Necr           8%         N/A       75%         4
 Spellforged Servitor     Conj/Summ      12%        N/A       86%         7
 Storm Form               Tmut/Air       11%        N/A       92%         7
 Alistair's Intoxication  Tmut/Pois      5%         N/A       96%         5
 Blade Hands              Tmut           4%         N/A       96%         5
 Lee's Rapid Deconstruct  Erth           4%         3d5*      96%         5
 Borgnjor's Vile Clutch   Necr/Erth      4%         N/A       97%         5
 Agony                    Necr           8%         N/A       98%         5
 Iron Shot                Conj/Erth      7%         9d2       98%         6
 Orb of Destruction       Conj           10%        9d6       98%         7
 Death Channel            Necr           4%         N/A       100%        6
 Eringya's Noxious Bog    Tmut/Pois      4%         N/A       100%        6
 Simulacrum               Ice/Necr       4%         N/A       100%        6
 Statue Form              Tmut/Erth      5%         N/A       100%        6
 Enfeeble                 Hex            9%         N/A       100%        7
 Discord                  Hex            9%         N/A       100%        8
 Ignition                 Fire           4%         3d4       100%        8
 Lehudib's Crystal Spear  Conj/Erth      7%         10d3      100%        8
 Dragon's Call            Summ           14%        N/A       100%        9
 Polar Vortex             Ice            4%         N/A       100%        9
 Shatter                  Erth           4%         3d7*      100%        9


Dungeon Overview and Level Annotations

Branches:
Dungeon (15/15)            Temple (1/1) D:5            Lair (5/5) D:8
 Shoals (4/4) Lair:2        Snake (4/4) Lair:2        Slime (5/5) Lair:4
    Orc (2/2) D:11            Elf (3/3) Orc:2        Vaults (5/5) D:14
  Crypt (3/3) Vaults:3       Tomb (0/3) Crypt:3      Depths (4/4) D:15
    Zot (5/5) Depths:4

Altars:
Ashenzari
Cheibriados
Dithmenos
Elyvilon
Fedhas
Gozag
Hepliaklqana
Kikubaaqudgha
Makhleb
Nemelex Xobeh
Okawaru
Qazlal
Ru
Sif Muna
Trog
Uskayaw
Vehumet
Wu Jian
Xom
Yredelemnul
Zin
The Shining One
Jiyva

Shops:
D:2 (   D:6 [   D:13 ([(*:   D:14 [   Orc:2 =*(!   Elf:2 =(:   Snake:4 [
Vaults:1 !   Vaults:2 [   Vaults:3 *   Vaults:4 (   Depths:1 *   Depths:4 (

Portals:
Hell: Depths:1 Depths:2 Depths:3 Depths:4
Abyss: Depths:1 Depths:3
Pandemonium: Orc:2 Depths:2

Annotations:
D:14 3 runed translucent doors, cforsyth's ghost, journeyman DESu
Lair:5 3 runed translucent doors, Xougrud's ghost, journeyman NaSu


Innate Abilities, Weirdness & Mutations

You have razor-sharp teeth.
Your natural rate of healing is unusually fast.
When hurt, damage is shared between your health and your magic reserves.
Your bite disrupts and absorbs the magic of your enemies.
Potions cannot restore your health.
You are agile. (Dex +4, Str/Int -1)
Your magical capacity is very low. (-20% MP)
You are covered in fur. (AC +1)
You are vulnerable to cold. (rC-)
Your spells are a little easier to cast, but a little less powerful.


Message History

Found five items.
Found two gates leading back out of this place.
Found a stone staircase leading down.
Space becomes stable.
The grasping roots constrict the moth of wrath!
You kill the moth of wrath!
Found four items.
The juggernaut hits you!!!
* * * LOW HITPOINT WARNING * * *
You slip backwards!
The orc high priest gives up.
Casting: Blink (safe; 1% risk of failure)
Confirm with . or Enter, or press ? or * to list all spells.
You blink.
The orc high priest seems to regain its courage.
The ogre prays for help.
Okay, then.
Press: ? - help, v - describe, . - travel
Here: a juggernaut (moderately wounded, berserk, fire blocked by a granite statue)
The floor, spattered with blood.
Okay, then.
Okay, then.
Press: ? - help, v - describe, . - travel
Here: a juggernaut (moderately wounded, berserk, fire blocked by a granite statue)
The floor, spattered with blood.
Okay, then.
As you read the scroll of fear, it crumbles to dust.
You assume a fearsome visage.
The juggernaut is unaffected.
The orc high priest easily resists.
The orc sorcerer nearly stumbles in trying to escape.
You feel stable enough to blink again.
The ogre supplicates, "Why can't we all just get along?"
Aiming: Phantom Mirror
Press: ? - help, Dir - move target, f - juggernaut
Aim: a juggernaut (moderately wounded, berserk)
You reflect the juggernaut with the mirror!
The mirror clouds!
Your juggernaut hits the orc warrior.
Your juggernaut's attack snaps the orc warrior out of its fear.
Your juggernaut hits the orc warrior but does no damage.
The juggernaut hits you!!!!
You die...

▓▓▓ ▓▓▓▓▓.▓▓▓▓▓
▓▓.Co......▓▓
▓▓▓...........▓▓▓
▓..C8.......8...▓
▓.@888.....888..▓▓
▓....8......o8)...▓
▓?)[..o.....o[)...▓
▓$∩$}......))o....▓▓
.?>").......o...∩.♣▓
▓▓)∩[..............▓▓
▓.......O...o.....▓
▓....8.o.....8....▓ *
, 8 .....888..▓▓


You could see a juggernaut (berserk), an orc high priest, an orc sorcerer
(fleeing), an orc warrior (ally target), an ogre (fleeing) and a friendly
juggernaut (summoned, berserk, drained).

Vanquished Creatures
  the Royal Jelly (Slime:5)
  An ancient lich (Zig:6)
  Sojobo (Vaults:5)
  Josephina (Depths:4)
  Frederick (Vaults:5)
  8 golden dragons
  2 curse toes
  4 bone dragons
  Jory (Crypt:2)
  An electric golem (Zot:2)
  3 doom hounds (Depths:2)
  Jorgrun (D:14)
  Zenata (Vaults:1)
  Grunn (Depths:2)
  12 tentacled monstrosities
  5 liches
  2 deep elf blademasters (Elf:3)
  3 Orb Guardians (Zot:5)
  2 deep elf master archers (Elf:3)
  6 titans
  9 quicksilver dragons
  16 acid blobs
  A kraken (Shoals:2)
  Frances (Shoals:1)
  2 tentacled starspawn
  2 death cobs (Zot:1)
  2 sphinxes
  5 ancient champions (Crypt:3)
  15 tengu reavers
  Roxanne (Elf:1)
  18 storm dragons
  Donald (Snake:1)
  10 shadow dragons
  3 draconian monks
  8 azure jellies
  7 nagarajas
  7 rockslimes
  3 revenants
  13 frost giants
  8 draconian knights
  3 iron dragons
  A fenstrider witch (shapeshifter) (Vaults:5)
  10 deep elf sorcerers
  4 draconian scorchers
  14 vault wardens
  Aizul (Snake:1)
  6 draconian shifters
  4 curse skulls
  2 ghost moths
  9 fire giants
  A balrug (Depths:4)
  4 draconian stormcallers
  7 ghouls
  2 deep elf elementalists (Elf:3)
  7 draconian annihilators
  2 reapers
  A spriggan defender (Depths:4)
  3 orc warlords
  A juggernaut skeleton (Crypt:3)
  13 very ugly things
  20 ironbound preservers
  9 quicksilver oozes
  13 stone giants
  A starflower (Abyss:2)
  2 ironbound thunderhulks
  9 green draconians
  2 war gargoyles
  A demonspawn black sun (Zig:3)
  10 black draconians
  6 vampire knights
  4 deep elf demonologists
  10 purple draconians
  Azrael (D:14)
  11 white draconians
  14 dire elephants
  5 spark wasps (Depths:3)
  10 deep elf annihilators
  A minotaur (Shoals:3)
  10 yellow draconians
  15 ettins
  An eidolon (Crypt:3)
  7 merfolk javelineers
  Snorg (D:12)
  9 red draconians
  8 deep elf death magi
  2 mummy priests (Crypt:3)
  18 jiangshi
  11 deep elf high priests
  8 merfolk impalers
  An entropy weaver (Vaults:3)
  10 great orbs of eyes
  10 fire dragons
  2 quicksilver dragon zombies
  A shambling mangrove (D:13)
  13 yaktaur captains
  Harold (Lair:1)
  A fenstrider witch zombie (Crypt:1)
  2 rakshasas
  2 salamander tyrants (Snake:4)
  2 catoblepae
  6 anacondas
  7 ice dragons
  37 vault guards
  A demonspawn (Orc:2)
  5 spriggan air magi
  A caustic shrike simulacrum (Depths:4)
  8 hydras
  10 two-headed ogres
  A merfolk avatar (Shoals:4)
  3 ogre magi
  An azure jelly zombie (Crypt:1)
  Erica (D:8)
  5 satyrs
  24 dancing weapons
  An alligator snapping turtle (Shoals:4)
  2 death knights
  A merfolk aquamancer (Shoals:3)
  5 ironbound frosthearts
  8 vampire magi
  18 centaur warriors
  3 deep troll earth magi
  6 boulder beetles
  12 naga warriors
  A two-headed ogre (shapeshifter) (Zig:6)
  11 deep troll shamans
  4 tengu warriors
  10 shock serpents
  2 thrashing horrors (Abyss:2)
  3 soul eaters
  5 spriggan berserkers
  3 death yaks
  Urug (Orc:1)
  11 orc high priests
  23 naga sharpshooters
  A bennu skeleton (Crypt:2)
  2 sun demons (Depths:4)
  14 deep elf knights
  4 hell knights
  A skyshark (shapeshifter) (Vaults:5)
  2 wretched stars (Abyss:2)
  6 skysharks
  8 iron trolls
  26 skeletal warriors
  49 deep trolls
  3 shadow wraiths
  A spark wasp zombie (Depths:2)
  11 sea snakes
  An iron giant zombie (Crypt:3)
  3 sixfirhies
  A salamander mystic (Snake:4)
  A bunyip zombie (Crypt:3)
  A goliath frog (Lair:5)
  3 flayed ghosts
  A sea snake (shapeshifter) (Vaults:4)
  2 golden dragon skeletons (Depths:1)
  4 naga ritualists
  A bog body (Crypt:2)
  2 glowing orange brains
  28 ironbound convokers
  3 tengu zombies (Depths:2)
  2 spriggan simulacra
  An orange crystal statue (Vaults:4)
  10 orc knights
  9 wizards
  4 lindwurms
  6 deep elf archers
  9 mana vipers
  27 deep elf pyromancers
  A wolf spider (shapeshifter) (Vaults:5)
  6 necromancers
  7 shining eyes
  24 deep elf zephyrmancers
  14 harpies
  11 phantasmal warriors
  21 starcursed masses (Abyss:2)
  29 ugly things
  A wolf spider (D:15)
  A mana viper (shapeshifter) (Vaults:4)
  A bunyip skeleton (Crypt:3)
  An iron dragon zombie (Depths:2)
  A shadow dragon skeleton (Depths:1)
  A shining eye (shapeshifter) (Zig:6)
  A harpy (shapeshifter) (D:15)
  A frost giant zombie (Crypt:2)
  22 moths of wrath
  8 orc sorcerers
  11 salamanders
  6 cyclopes
  A manticore (shapeshifter) (Depths:1)
  30 elephants
  16 manticores
  Maurice (D:11)
  27 fauns
  A frost giant skeleton (Depths:2)
  2 apocalypse crabs (Abyss:2)
  A moth of wrath (shapeshifter) (D:14)
  16 vault sentinels
  31 black mambas
  A fire giant skeleton (Crypt:3)
  A black mamba (shapeshifter) (D:15)
  7 guardian serpents (Snake:4)
  11 merfolk sirens
  A gargoyle (D:12)
  6 eyes of devastation
  24 naga magi
  2 orange demons (Depths:2)
  An unseen horror (D:11)
  5 water nymphs
  A rust devil (Abyss:2)
  16 cane toads
  An eye of devastation (shapeshifter) (Depths:1)
  4 smoke demons
  9 komodo dragons
  A yaktaur (shapeshifter) (Vaults:4)
  Psyche (D:9)
  A redback zombie (Crypt:3)
  A white draconian zombie (Crypt:2)
  An efreet (D:14)
  3 freezing wraiths
  2 tengu conjurers
  4 guardian mummies
  21 yaktaurs
  52 merfolk
  A troll (shapeshifter) (D:15)
  A meliai (shapeshifter) (Elf:2)
  7 meliai
  2 harpy zombies
  A sea snake skeleton (Crypt:1)
  A tengu simulacrum (Depths:4)
  A moth of wrath zombie (Crypt:1)
  A harpy skeleton (Crypt:3)
  An ancient zyme (Abyss:2)
  Prince Ribbit (D:7)
  A polar bear (Lair:3)
  3 trolls
  3 hellwings
  6 hornets
  10 large abominations
  A shadow dragon simulacrum (Depths:4)
  A merfolk (shapeshifter) (Depths:3)
  4 raiju (Abyss:2)
  A death drake skeleton (Crypt:3)
  7 wind drakes
  A fire dragon zombie (Crypt:2)
  20 blink frogs
  59 slime creatures
  8 snapping turtles
  16 dream sheep
  7 spriggans
  2 black mamba zombies (Crypt:1)
  6 flying skulls (Abyss:2)
  An orc simulacrum (Crypt:1)
  3 air elementals
  A fire giant simulacrum (Depths:2)
  A ynoxinul (Abyss:2)
  A naga simulacrum (Crypt:3)
  9 fire elementals
  10 water elementals
  26 yaks
  A vampire (D:11)
  An ettin skeleton (Crypt:1)
  2 wyverns (Lair:3)
  10 wraiths
  3 ushabtiu (Crypt:3)
  3 basilisks (Shoals:1)
  A black mamba skeleton (Crypt:3)
  A chaos spawn (Depths:2)
  3 neqoxecs
  10 vampire mosquitoes
  Eustachio (D:4)
  9 redbacks
  A steam dragon (D:8)
  A harpy simulacrum (Crypt:1)
  2 acid dragons
  52 nagas
  A floating eye (shapeshifter) (Vaults:5)
  14 water moccasins
  3 hell hounds (D:14)
  9 small abominations
  A floating eye (Depths:2)
  A fire bat skeleton (Crypt:1)
  2 ice beasts
  A black bear (shapeshifter) (Vaults:5)
  48 orc warriors
  A black bear (Lair:4)
  A sky beast (D:7)
  A wolf (shapeshifter) (Depths:3)
  13 ogres
  9 wolves
  2 elephant zombies (Lair:3)
  7 boggarts
  9 centaurs
  3 kobold brigands
  16 bullfrogs
  2 komodo dragon zombies (Lair:3)
  A necrophage (Crypt:3)
  A gnoll sergeant (D:9)
  2 scorpions
  2 earth elementals
  A wyvern zombie (Crypt:3)
  2 elf skeletons
  A glowing shapeshifter simulacrum (Depths:4)
  4 wights (D:8)
  A hornet simulacrum (D:11)
  A water moccasin skeleton (Crypt:1)
  15 killer bees
  7 electric eels
  3 howler monkeys
  A howler monkey (shapeshifter) (Vaults:4)
  2 jellies
  8 hounds
  A gnoll bouda (D:6)
  21 orc priests
  Terence (D:2)
  A sleepcap (D:5)
  27 orc wizards
  9 hell rats (Lair:3)
  A sky beast zombie (Crypt:3)
  An acid dragon skeleton (Crypt:2)
  9 gnolls
  7 adders
  A shadow imp (D:8)
  3 white imps (D:5)
  3 ufetubi
  An adder skeleton (Crypt:2)
  2 worms
  2 dart slugs
  98 orcs
  3 bats (D:3)
  8 endoplasms
  8 goblins
  6 hobgoblins
  17 kobolds
  2 quokkas
  10 ball pythons
  A frilled lizard (D:1)
  A jackal skeleton (Crypt:1)
  A kobold zombie (Crypt:1)
  4 rats
  3 starspawn tentacles (Abyss:2)
  A withered plant (Shoals:1)
2281 creatures vanquished.

Vanquished Creatures (collateral kills)
  An ancient champion (Crypt:3)
  An anaconda zombie (Crypt:3)
  An ushabti (Crypt:3)
  A water moccasin (Lair:5)
4 creatures vanquished.

Vanquished Creatures (others)
  An ettin (Vaults:1)
  A yaktaur captain (Vaults:1)
  A deep troll (Vaults:1)
  A deep elf pyromancer (D:14)
  A yaktaur (Vaults:1)
  2 boggarts (Vaults:1)
  An orc wizard (D:11)
  A white imp (Abyss:2)
  18 demonic plants (Abyss:2)
  43 fungi
  384 plants
  A snaplasher vine (Zig:8)
  A starspawn tentacle (Abyss:2)
  4 tentacles (Shoals:2)
  A withered plant (D:12)
461 creatures vanquished.

Grand Total: 2746 creatures vanquished

Notes
Turn   | Place    | Note
-------+----------+-------------------------------------------
     0 | D:1      | Zonian the Vine Stalker Fighter began the quest for the
                  | Orb.
     0 | D:1      | Reached XP level 1. HP: 11/11 MP: 2/2
   106 | D:1      | Reached XP level 2. HP: 9/16 MP: 1/3
   657 | D:2      | Reached skill level 3 in Fighting
   688 | D:2      | Noticed Terence
   697 | D:2      | Killed Terence
   698 | D:2      | Reached XP level 3. HP: 8/20 MP: 2/4
   822 | D:2      | Gained mutation: Your natural rate of healing is unusually
                  | fast. [Vine Stalker growth]
   822 | D:2      | Reached XP level 4. HP: 24/24 MP: 5/5
   949 | D:2      | Found Affel's Antique Weapon Boutique.
  1495 | D:3      | Reached XP level 5. HP: 26/28 MP: 4/6
  1572 | D:3      | Found an iron altar of Okawaru.
  2159 | D:3      | Found an ornate altar of the Wu Jian Council.
  2159 | D:3      | Found a white marble altar of Elyvilon.
  2290 | D:4      | Reached XP level 6. HP: 23/33 MP: 3/7
  2578 | D:4      | Found a hazy altar of Hepliaklqana.
  2587 | D:4      | Reached skill level 4 in Fighting
  2596 | D:4      | Found an opulent altar of Gozag.
  2782 | D:4      | Noticed Eustachio
  2818 | D:4      | Killed Eustachio
  2819 | D:4      | Reached XP level 7. HP: 38/38 MP: 8/8
  3105 | D:5      | Entered Level 5 of the Dungeon
  3541 | D:5      | Found a staircase to the Ecumenical Temple.
  3552 | Temple   | Entered the Ecumenical Temple
  3560 | Temple   | Became a worshipper of Ashenzari the Shackled
  4333 | D:5      | Reached skill level 5 in Fighting
  4395 | D:5      | Found a sparkling altar of Nemelex Xobeh.
  4513 | D:5      | Gained mutation: You have razor-sharp teeth. [Vine Stalker
                  | growth]
  4513 | D:5      | Reached XP level 8. HP: 43/43 MP: 9/9
  4682 | D:6      | Reached skill level 5 in Unarmed Combat
  5320 | D:6      | Reached skill level 5 in Armour
  5445 | D:6      | Found Siehacya's Armour Shoppe.
  5451 | D:6      | Bought a +2 pair of boots of flying for 215 gold pieces
  5491 | D:6      | Reached * piety under Ashenzari
  5908 | D:6      | Reached skill level 6 in Fighting
  6522 | D:7      | Reached XP level 9. HP: 40/48 MP: 7/10
  6634 | D:7      | Noticed Prince Ribbit
  6656 | D:7      | Killed Prince Ribbit
  6798 | D:7      | Reached ** piety under Ashenzari
  6830 | D:7      | Found an ancient bone altar of Kikubaaqudgha.
  7372 | D:7      | Reached skill level 7 in Fighting
  8214 | D:8      | Noticed Erica
  8268 | D:8      | Found a staircase to the Lair.
  8269 | D:8      | Noticed a komodo dragon
  8308 | D:8      | Killed a komodo dragon
  8315 | D:8      | Killed Erica
  8316 | D:8      | Reached skill level 8 in Fighting
  8316 | D:8      | Reached XP level 10. HP: 44/56 MP: 11/11
  9044 | D:8      | Found a shimmering altar of Xom.
  9044 | D:8      | Found a sacrificial altar of Ru.
  9052 | D:8      | Found a burning altar of Makhleb.
  9054 | D:8      | Found a bloodstained altar of Trog.
  9055 | D:8      | Found a shimmering blue altar of Sif Muna.
  9118 | D:8      | Found a shadowy altar of Dithmenos.
  9295 | Lair:1   | Entered Level 1 of the Lair of Beasts
  9539 | Lair:1   | Reached *** piety under Ashenzari
  9574 | Lair:1   | Reached skill level 9 in Fighting
  9843 | Lair:1   | Noticed Harold
  9852 | Lair:1   | Reached **** piety under Ashenzari
  9854 | Lair:1   | Noticed a cane toad
  9862 | Lair:1   | Killed a cane toad
 10288 | Lair:1   | Reached skill level 1 in Stealth
 10499 | Lair:1   | Killed Harold
 10500 | Lair:1   | Reached skill level 10 in Unarmed Combat
 10767 | Lair:2   | Found a staircase to the Shoals.
 10767 | Lair:2   | Noticed a harpy
 10767 | Lair:2   | Noticed a harpy
 10768 | Lair:2   | Noticed a harpy
 10773 | Lair:2   | Killed a harpy
 10774 | Lair:2   | Reached XP level 11. HP: 46/63 MP: 12/12
 10776 | Lair:2   | Noticed a harpy
 10779 | Lair:2   | Killed a harpy
 10781 | Lair:2   | Killed a harpy
 10782 | Lair:2   | Reached skill level 10 in Fighting
 10782 | Lair:2   | Reached skill level 5 in Stealth
 10782 | Lair:2   | Killed a harpy
 10997 | Lair:2   | Noticed a skyshark
 11005 | Lair:2   | Killed a skyshark
 11039 | Lair:2   | Identified the cursed +1 helmet of the Eye in the Sky
                  | {SInv, Evo, Alch} (You found it on level 1 of the Dungeon)
 11039 | Lair:2   | Identified the cursed +0 pair of gloves "Elysian
                  | Soothsayer" {Comp, Elem} (You found it on level 8 of the
                  | Dungeon)
 11039 | Lair:2   | Identified the cursed +0 scale mail of Ashenzari's Malaise
                  | {Comp, Alch}
 11574 | Lair:2   | Found a staircase to the Snake Pit.
 12023 | Lair:2   | Noticed a lindwurm
 12082 | Lair:2   | Killed a lindwurm
 12083 | Lair:2   | Reached skill level 11 in Fighting
 12443 | Lair:2   | Reached XP level 12. HP: 70/70 MP: 13/13
 12922 | Lair:3   | Noticed a four-headed hydra
 12938 | Lair:3   | Killed a four-headed hydra
 13077 | Lair:3   | Noticed a death yak
 13100 | Lair:3   | Noticed a death yak
 13104 | Lair:3   | Noticed a death yak
 13625 | Lair:2   | Killed a death yak
 14019 | Lair:3   | Reached skill level 1 in Dodging
 14047 | Lair:3   | Reached skill level 10 in Stealth
 14429 | Lair:3   | Noticed a four-headed hydra
 14453 | Lair:3   | Killed a four-headed hydra
 14519 | Lair:3   | Killed a death yak
 14522 | Lair:3   | Killed a death yak
 14626 | Lair:3   | Reached skill level 12 in Fighting
 14676 | Lair:3   | Reached XP level 13. HP: 74/75 MP: 14/14
 15832 | Lair:4   | Found a staircase to the Slime Pits.
 16300 | Lair:5   | Entered Level 5 of the Lair of Beasts
 16470 | Lair:5   | Identified the cursed scarf of the Omniscient Cosmos {+Inv,
                  | Comp, Melee} (You found it on level 6 of the Dungeon)
 16821 | Lair:5   | Reached skill level 5 in Dodging
 16922 | Lair:5   | Reached skill level 13 in Fighting
 16938 | Lair:5   | Reached XP level 14. HP: 56/82 MP: 15/15
 17349 | Lair:5   | Found a runed translucent gate.
 17349 | Lair:5   | Found a runed translucent gate.
 17349 | Lair:5   | Found a runed translucent gate.
 17351 | Lair:5   | Noticed Xougrud's ghost (journeyman NaSu)
 17616 | Lair:5   | Identified the +6 hand axe "Xowaag" {freeze, rC++ Will+}
 17639 | Lair:5   | Reached ***** piety under Ashenzari
 17944 | D:9      | Found a radiant altar of Vehumet.
 18403 | D:9      | Noticed Psyche
 18417 | D:9      | Killed Psyche
 18444 | D:9      | Identified the cursed +0 buckler of Supernal Wisdom {Fort,
                  | Melee}
 18444 | D:9      | Identified the cursed ring "Share My Dismay" {MP+9, Comp,
                  | Melee} (You found it on level 1 of the Lair of Beasts)
 18444 | D:9      | Identified the cursed ring "Oracular Secrets" {Dex+6, Elem,
                  | Evo} (You found it on level 5 of the Lair of Beasts)
 18871 | D:10     | Entered Level 10 of the Dungeon
 19210 | D:10     | Found a blossoming altar of Fedhas.
 19705 | D:11     | Noticed Maurice
 19714 | D:11     | Killed Maurice
 20413 | D:11     | Found a staircase to the Orcish Mines.
 20869 | D:12     | Noticed Snorg
 20883 | D:12     | Killed Snorg
 20965 | D:12     | Reached skill level 14 in Fighting
 21087 | D:12     | Found an ancient bone altar of Kikubaaqudgha.
 21130 | D:12     | Reached skill level 15 in Unarmed Combat
 21704 | D:13     | Found Ceotecsi's Antique Weapon Shoppe.
 22227 | D:13     | Found the +1 robe of Vines {NoPotionHeal Regen++++}
 22829 | D:13     | Reached XP level 15. HP: 87/88 MP: 16/16
 22892 | D:13     | Found Xotoam's Antique Armour Boutique.
 22966 | D:13     | HP: 4/88 [skeletal warrior/+0 battleaxe (23)]
 23581 | D:13     | Found Momodgh's Assorted Antiques.
 23589 | D:13     | Bought a small sapphire ring for 175 gold pieces
 23589 | D:13     | Bought a scroll of amnesia for 140 gold pieces
 23662 | D:13     | Found Zeh Adag's Book Boutique.
 23685 | D:13     | Found Buuxoho's Weapon Shoppe.
 23729 | D:13     | Bought a scorched scale mail for 234 gold pieces
 23729 | D:13     | Identified the +4 scale mail of New Discoveries {rElec rN++
                  | Int-3 Stlth+} (You bought it in a shop on level 13 of the
                  | Dungeon)
 24113 | D:14     | Found Riloim's Armour Shop.
 24331 | D:14     | Noticed Jorgrun
 24434 | D:14     | Noticed Azrael
 24444 | D:14     | Killed Azrael
 24822 | D:14     | Found a runed translucent gate.
 24836 | D:14     | Noticed cforsyth's ghost (journeyman DESu)
 24838 | D:14     | Found a runed translucent gate.
 24839 | D:14     | Found a runed translucent gate.
 24903 | D:14     | Killed Jorgrun
 25070 | D:14     | Found a shimmering blue altar of Sif Muna.
 25286 | D:14     | Reached skill level 15 in Fighting
 25370 | D:14     | Found a gate to the Vaults.
 25371 | D:14     | Identified the Spellbook of the Snow-white Xenolith
 25672 | D:15     | Entered Level 15 of the Dungeon
 26584 | D:15     | Found a staircase to the Depths.
 26668 | D:15     | Reached XP level 16. HP: 58/95 MP: 17/17
 26812 | D:15     | Identified the +4 ring mail of Qeimabigh {Dex+3}
 27415 | Orc:1    | Entered Level 1 of the Orcish Mines
 27448 | Orc:1    | Noticed Urug
 27456 | Orc:1    | Killed Urug
 27828 | Orc:2    | Entered Level 2 of the Orcish Mines
 27846 | Orc:2    | Found a staircase to the Elven Halls.
 27919 | Orc:2    | Reached skill level 5 in Shields
 28038 | Orc:2    | Found Hiobuf's Distillery.
 28039 | Orc:2    | Found Devovyj's General Store.
 28107 | Orc:2    | Bought a potion of might for 64 gold pieces
 28107 | Orc:2    | Bought 2 potions of might for 128 gold pieces
 28107 | Orc:2    | Bought a potion of curing for 48 gold pieces
 28107 | Orc:2    | Bought a potion of might for 64 gold pieces
 28107 | Orc:2    | Bought a potion of curing for 48 gold pieces
 28109 | Orc:2    | Bought a scroll of fog for 64 gold pieces
 28198 | Orc:2    | Reached skill level 10 in Dodging
 28533 | Orc:2    | Found Jiecrudy's Antique Weapon Shoppe.
 28533 | Orc:2    | Found Osugubb's Jewellery Emporium.
 28534 | Orc:2    | Found a one-way gate leading to the halls of Pandemonium.
 29006 | Orc:2    | Bought the ring "Fuypu" {rPois rC++ Dex+3 SInv Stlth+} for
                  | 792 gold pieces
 29226 | Snake:1  | Entered Level 1 of the Snake Pit
 29639 | Snake:1  | Noticed Aizul
 29653 | Snake:1  | Killed Aizul
 29700 | Snake:1  | Noticed Donald
 29722 | Snake:1  | Killed Donald
 31250 | Snake:2  | Noticed a nagaraja
 31427 | Snake:2  | Killed a nagaraja
 31706 | Snake:2  | Reached XP level 17. HP: 60/99 MP: 15/18
 32545 | Snake:2  | Found a shimmering altar of Xom.
 33035 | Snake:3  | Reached skill level 1 in Throwing
 33035 | Snake:3  | Reached skill level 1 in Evocations
 33624 | Snake:4  | Entered Level 4 of the Snake Pit
 35473 | Snake:4  | Found Joelyewn's Armour Boutique.
 35609 | Snake:4  | Reached skill level 5 in Throwing
 35609 | Snake:4  | Reached skill level 5 in Evocations
 36293 | Snake:4  | Reached XP level 18. HP: 108/108 MP: 19/19
 36614 | Snake:4  | Got a serpentine rune of Zot
 36785 | Snake:4  | Reached skill level 1 in Spellcasting
 37043 | Shoals:1 | Entered Level 1 of the Shoals
 37112 | Shoals:1 | Identified the +4 long sword "Kobuch" {flame, *Slow rElec
                  | Will+ Dex+6}
 37136 | Shoals:1 | Noticed Frances
 37789 | Shoals:1 | Identified a scroll of acquirement
 37798 | Shoals:1 | Acquired 822 gold pieces
 37878 | Shoals:1 | Killed Frances
 38190 | Shoals:2 | Reached skill level 5 in Spellcasting
 38840 | Shoals:2 | Found a glowing golden altar of the Shining One.
 39854 | Orc:2    | Bought an amulet of the acrobat for 450 gold pieces
 40440 | Shoals:3 | Identified the +1 arbalest of the Messenger {flame, rF+
                  | Int+6}
 40542 | Shoals:3 | Found a hide-covered altar of Uskayaw.
 40998 | Shoals:4 | Entered Level 4 of the Shoals
 40999 | Shoals:4 | Identified the +1 leather armour "Zauk" {rElec Regen+ Dex-2
                  | Slay+3}
 41093 | Shoals:4 | Identified the Textbook on the Azure Figure
 41396 | Shoals:4 | Reached skill level 10 in Throwing
 41396 | Shoals:4 | Reached XP level 19. HP: 111/112 MP: 32/32
 43019 | Shoals:4 | Got a barnacled rune of Zot
 43560 | Elf:1    | Entered Level 1 of the Elven Halls
 43584 | Elf:1    | Gained mutation: You are frail. (-10% HP) [a neqoxec]
 43603 | Elf:1    | Gained mutation: You occasionally lose the ability to read
                  | scrolls when taking damage. [a neqoxec]
 43962 | Elf:1    | Noticed Roxanne
 44418 | Elf:1    | Acquired 668 gold pieces
 44789 | Elf:1    | Killed Roxanne
 44829 | Elf:2    | Found Mosask's Book Emporium.
 45073 | Elf:2    | Found Qeesoty's Jewellery Shop.
 45077 | Elf:2    | Bought an amulet of regeneration for 390 gold pieces
 45153 | Elf:2    | Found Roojib's Weapon Shoppe.
 45204 | Elf:2    | Found a runed translucent gate.
 45204 | Elf:2    | Found a runed translucent gate.
 45204 | Elf:2    | Found a runed translucent gate.
 45844 | Elf:3    | Entered Level 3 of the Elven Halls
 45992 | Elf:3    | Reached skill level 10 in Spellcasting
 46571 | Elf:3    | Reached XP level 20. HP: 100/108 MP: 38/38
 46761 | Elf:3    | Identified the +4 battleaxe "Mitsug" {venom, Fly rN+}
 46777 | Elf:3    | Identified the +0 robe "Equdghif" {Drain Fly Str+5}
 47122 | Elf:3    | Identified the +0 leather armour of the Armoured One
                  | {Dex+3}
 47126 | Elf:3    | Identified the +6 hand axe of Ulaypp {heavy, Dex+6}
 47126 | Elf:3    | Identified the ring "Vicri" {rF+ Str+6 Slay+6}
 47127 | Elf:3    | Identified the ring of Ezuddua {rC+ MP+9 SInv Stlth+}
 47146 | Abyss:2  | Cast into level 2 of the Abyss (a deep elf sorcerer)
 47455 | Abyss:2  | Found a corrupted altar of Lugonu.
 47523 | Abyss:2  | Paralysed by accursed screaming for 1 turns
 47528 | Abyss:2  | Paralysed by accursed screaming for 1 turns
 47630 | Abyss:2  | Found a corrupted altar of Lugonu.
 47673 | Abyss:2  | Found a corrupted altar of Lugonu.
 47862 | Elf:3    | Escaped the Abyss
 48029 | Elf:3    | Identified the Parchment of Amorphous Scree
 48049 | Elf:3    | Identified the Elucidation of Windy Permutations
 48066 | Elf:3    | Identified the +1 spear of Gaetuoxt {heavy, rElec SInv}
 48067 | Elf:3    | Identified the Elucidation of the Voyage and Voltage
 48115 | Abyss:2  | Cast into level 2 of the Abyss (a deep elf sorcerer)
 48116 | Abyss:2  | Found a blossoming altar of Fedhas.
 48144 | Elf:3    | Escaped the Abyss
 48227 | Elf:3    | Reached skill level 16 in Fighting
 49600 | D:13     | Bought a smoking chain mail for 247 gold pieces
 49600 | D:13     | Identified the +1 chain mail of Zeseuc {rC+ rN+} (You
                  | bought it in a shop on level 13 of the Dungeon)
 49713 | Vaults:1 | Entered Level 1 of the Vaults
 49848 | Vaults:1 | Found a flickering gateway to a bazaar.
 49871 | Bazaar   | Entered a bazaar
 49875 | Bazaar   | Found Gacyan's Assorted Antiques.
 49894 | Bazaar   | Found Lodynwoo's Assorted Antiques.
 49899 | Bazaar   | Bought a scroll of blinking for 180 gold pieces
 49911 | Bazaar   | Found Roky's Book Boutique.
 49930 | Bazaar   | Found Qapoixyi's Assorted Antiques.
 49936 | Bazaar   | Bought a pair of polished boots for 266 gold pieces
 49936 | Bazaar   | Identified the +1 pair of boots "Aniete" {Str+4} (You
                  | bought it in a shop in a bazaar)
 49936 | Bazaar   | Bought a scroll of teleportation for 84 gold pieces
 49955 | Bazaar   | Bought a potion of berserk rage for 135 gold pieces
 49955 | Bazaar   | Bought a scroll of silence for 256 gold pieces
 49955 | Bazaar   | Bought a scroll of enchant armour for 202 gold pieces
 49971 | Bazaar   | Bought a scroll of fog for 96 gold pieces
 49971 | Bazaar   | Bought a scroll of fog for 96 gold pieces
 50478 | Elf:2    | Lost mutation: You are frail. (-10% HP) [potion of
                  | mutation]
 50478 | Elf:2    | Lost mutation: You occasionally lose the ability to read
                  | scrolls when taking damage. [potion of mutation]
 50478 | Elf:2    | Gained mutation: Your spells are a little easier to cast,
                  | but a little less powerful. [potion of mutation]
 50478 | Elf:2    | Gained mutation: You are covered in fur. (AC +1) [potion of
                  | mutation]
 50478 | Elf:2    | Gained mutation: You are agile. (Dex +4, Str/Int -1)
                  | [potion of mutation]
 50924 | Vaults:1 | Reached XP level 21. HP: 120/125 MP: 38/41
 50949 | Vaults:1 | Noticed Zenata
 51084 | Vaults:1 | Killed Zenata
 51101 | Vaults:1 | Found Zuleixki's Distillery.
 51239 | Vaults:1 | Reached skill level 15 in Dodging
 52280 | Vaults:2 | Reached skill level 10 in Evocations
 52829 | Vaults:2 | Found Cyaffaell's Armour Shop.
 53096 | Vaults:3 | Found Rouvu's Assorted Antiques.
 53102 | Vaults:3 | Bought a notched onyx ring for 185 gold pieces
 53305 | Vaults:3 | Found a staircase to the Crypt.
 53305 | Vaults:3 | Found an ancient bone altar of Kikubaaqudgha.
 53305 | Vaults:3 | Found a basalt altar of Yredelemnul.
 53681 | Vaults:3 | Found a magical portal.
 53764 | Vaults:3 | Reached XP level 22. HP: 86/131 MP: 32/43
 53974 | Vaults:3 | Upgraded the game from 0.30-a0-852-g08b95dd62f to
                  | 0.30-a0-857-gcaf70739d4
 54741 | Vaults:4 | Found Caer's Weapon Boutique.
 55159 | Vaults:4 | Found a portal to a secret trove of treasure.
 56196 | Vaults:4 | You paid a toll of +4 fire dragon scales to enter a
                  | treasure trove
 56197 | Trove    | Entered a treasure trove
 56200 | Trove    | Identified the +2 pair of gloves "Suozud Tuar" {rF+ Will-
                  | MP+9}
 56200 | Trove    | Found the +3 warlock's mirror {omnireflect}
 56200 | Trove    | Found the +2 pair of slick slippers {slick, slippery, EV+5}
 56216 | Trove    | Identified the +5 scale mail "Yfic" {*Corrode rN+++ Will+++
                  | Str-5}
 56231 | Trove    | Identified the +0 pair of boots of Cacuph {rElec rPois MP+9
                  | Stlth+}
 56800 | Vaults:4 | Learned a level 2 spell: Blink
 57407 | Vaults:5 | Entered Level 5 of the Vaults
 57428 | Vaults:4 | Reached skill level 1 in Translocations
 59076 | Vaults:5 | Identified the amulet of Ytsagown {Spirit MP+9}
 59286 | Vaults:5 | Noticed a golden dragon
 59373 | Vaults:5 | Noticed a golden dragon
 59492 | Vaults:4 | Killed a golden dragon
 59493 | Vaults:4 | Reached skill level 10 in Shields
 59832 | Vaults:5 | Identified the +5 battleaxe "Goblinbane" {antimagic, rPois
                  | Str+2}
 59832 | Vaults:5 | Identified the Encyclopedia of the Boggart and Coordinates
 59858 | Vaults:5 | Reached skill level 5 in Translocations
 59883 | Vaults:5 | Reached skill level 10 in Armour
 59895 | Vaults:5 | Noticed a golden dragon
 59901 | Vaults:5 | Identified the ring of Toelu {rC+ EV+5}
 60037 | Vaults:5 | Noticed Sojobo
 60051 | Vaults:5 | Killed Sojobo
 60056 | Vaults:5 | Reached XP level 23. HP: 135/135 MP: 44/44
 60080 | Vaults:5 | Identified the Secrets of Flesh
 60461 | Vaults:5 | Killed a golden dragon
 60531 | Vaults:5 | Killed a golden dragon
 60602 | Vaults:5 | Learned a level 2 spell: Lesser Beckoning
 60841 | Vaults:5 | Identified the +1 whip of Domoigam {pain, rC+ Will+ MP+9
                  | Str+3}
 60845 | Vaults:5 | Identified the +8 dagger "Killer Bee's Doom" {flame, rC+
                  | Str+6}
 60940 | Vaults:5 | Noticed Frederick
 60948 | Vaults:5 | Killed Frederick
 60983 | Vaults:5 | Got a silver rune of Zot
 61878 | Depths:1 | Entered Level 1 of the Depths
 61909 | Depths:1 | Found a one-way gate to the infinite horrors of the Abyss.
 62093 | Depths:1 | Found Teuneeso's Gadget Gallery.
 62105 | Depths:1 | Bought a wand of acid (6) for 478 gold pieces
 62105 | Depths:1 | Bought a wand of acid (1) for 79 gold pieces
 62144 | Depths:1 | Identified the +11 rapier "Duxuc" {flame, rPois rC+ Str-5
                  | Stlth+}
 62479 | Depths:1 | Found a gateway to Hell.
 63132 | Slime:1  | Entered Level 1 of the Pits of Slime
 63194 | Slime:1  | Gained mutation: Your magical capacity is low. (-10% MP) [a
                  | shining eye]
 63462 | Slime:5  | Entered Level 5 of the Pits of Slime
 63493 | Slime:5  | Reached XP level 24. HP: 136/141 MP: 40/41
 63783 | Slime:5  | Identified the amulet of Moodiness {Spirit Rampage Int+4
                  | Slay-5}
 63783 | Slime:5  | Noticed the Royal Jelly
 63788 | Slime:5  | Found a viscous altar of Jiyva.
 63791 | Slime:5  | Identified the +2 plate armour of a sewer {rElec Regen+}
 63796 | Slime:5  | Identified Nuics's Dissertation on Scree
 63802 | Slime:5  | Killed the Royal Jelly
 63938 | Slime:5  | Acquired the +1 pair of gloves of Lappuatt {Rampage Will+}
 63977 | Slime:5  | Got a slimy rune of Zot
 64642 | Depths:2 | Found a one-way gateway to a ziggurat.
 64646 | Depths:2 | Paralysed by a floating eye for 3 turns
 64690 | Depths:2 | Reached skill level 15 in Throwing
 64695 | Depths:2 | Noticed Grunn
 64707 | Depths:2 | Killed Grunn
 65414 | Depths:2 | Found a basalt altar of Yredelemnul.
 65506 | Depths:2 | Paralysed by a floating eye for 4 turns
 65512 | Depths:2 | Gained mutation: Your magical capacity is very low. (-20%
                  | MP) [a shining eye]
 65512 | Depths:2 | Gained mutation: You are vulnerable to cold. (rC-) [a
                  | shining eye]
 67303 | Depths:3 | Reached XP level 25. HP: 147/147 MP: 37/37
 67503 | Depths:3 | Found the +8 arc blade {discharge, rElec}
 67782 | Depths:3 | Learned a level 4 spell: Airstrike
 67796 | Depths:4 | Entered Level 4 of the Depths
 67811 | Depths:4 | Reached skill level 1 in Air Magic
 67819 | Depths:4 | Reached skill level 17 in Fighting
 67956 | Depths:4 | Found Jikhliny's Antique Weapon Shoppe.
 68144 | Depths:4 | Reached skill level 5 in Air Magic
 68183 | Depths:4 | Found a gate to the Realm of Zot.
 68404 | Depths:4 | Learned a level 4 spell: Summon Lightning Spire
 68422 | Depths:4 | Identified the ring of Vasouw {Ice rPois Will+ rCorr Int-3}
 68422 | Depths:4 | Noticed Josephina
 68431 | Depths:4 | Reached skill level 1 in Summonings
 68645 | Depths:4 | Killed Josephina
 68702 | Depths:4 | Learned a level 5 spell: Summon Forest
 69032 | Crypt:1  | Entered Level 1 of the Crypt
 69530 | Crypt:1  | Reached skill level 5 in Summonings
 70144 | Crypt:2  | Noticed Jory
 70166 | Crypt:2  | Killed Jory
 70167 | Crypt:2  | Reached skill level 10 in Air Magic
 70295 | Crypt:3  | Entered Level 3 of the Crypt
 70413 | Crypt:3  | Found a staircase to the Tomb.
 70691 | Crypt:3  | Reached XP level 26. HP: 156/156 MP: 37/37
 71102 | Crypt:3  | Found a burning altar of Makhleb.
 71119 | Crypt:3  | Found a glowing golden altar of the Shining One.
 71209 | Crypt:3  | Reached skill level 10 in Summonings
 71649 | Crypt:3  | Learned a level 3 spell: Portal Projectile
 71671 | Crypt:3  | Found a basalt altar of Yredelemnul.
 71678 | Crypt:3  | Found an ancient bone altar of Kikubaaqudgha.
 71740 | Crypt:3  | Identified the +3 lajatang of Capital Punishment {drain,
                  | Fragile rElec rPois}
 71773 | Crypt:3  | Found the +8 demon blade "Leech" {evervamp, Harm Drain rN+}
 71791 | Crypt:3  | Upgraded the game from 0.30-a0-857-gcaf70739d4 to
                  | 0.30-a0-879-ga8ba668304
 72177 | Zot:1    | Entered Level 1 of the Realm of Zot
 72463 | Orc:2    | Bought a scroll of acquirement for 832 gold pieces
 72463 | Orc:2    | Acquired the Treatise on Gusts and Leadership
 72469 | Orc:2    | Learned a level 3 spell: Swiftness
 72473 | Orc:2    | Learned a level 3 spell: Mephitic Cloud
 72787 | Zot:1    | Reached skill level 1 in Hexes
 73003 | Zot:1    | Identified the +1 hand axe of Pride {venom, rF+}
 73009 | Zot:1    | Identified the +7 whip "Ruineh" {freeze, *Rage rF+ rN+
                  | Str+7}
 73494 | Zot:1    | Identified the +4 great sword "Soddal" {holy, Will+ rCorr
                  | Str+5}
 73674 | Zot:2    | Identified the +2 chain mail of Hyrulixi {rC+}
 74215 | Zot:2    | Reached skill level 1 in Conjurations
 75619 | Zot:3    | Reached skill level 5 in Conjurations
 75707 | Zot:3    | Reached skill level 15 in Air Magic
 75953 | Zot:4    | Reached XP level 27. HP: 161/161 MP: 37/37
 76600 | Zot:4    | Reached skill level 18 in Fighting
 76712 | Zot:5    | Entered Level 5 of the Realm of Zot
 77335 | Zig:1    | Entered Level 1 of a ziggurat
 77351 | Zig:2    | Entered Level 2 of a ziggurat
 77378 | Zig:3    | Entered Level 3 of a ziggurat
 77519 | Zig:4    | Entered Level 4 of a ziggurat
 77565 | Zig:5    | Entered Level 5 of a ziggurat
 77579 | Zig:5    | Reached skill level 19 in Fighting
 77634 | Zig:6    | Entered Level 6 of a ziggurat
 77637 | Zig:6    | Noticed an ancient lich
 77637 | Zig:6    | Identified the amulet of Pyromania {Acrobat +Inv rElec
                  | rPois}
 77646 | Zig:6    | Killed an ancient lich
 77669 | Zig:6    | Acquired 887 gold pieces
 77678 | Zig:7    | Entered Level 7 of a ziggurat
 77862 | Zig:8    | Entered Level 8 of a ziggurat
 77871 | Zig:8    | Identified the +6 spear of Kudemeywn {heavy, rN++}
 77885 | Zig:8    | Noticed a juggernaut
 77895 | Zig:8    | Identified the amulet of Exhibitionism {Faith rN+ MP-9
                  | Dex+7 Slay-3}
 77898 | Zig:8    | Identified the +6 rapier of Vorrat Dalai {heavy, rPois
                  | rCorr Int+3}
 77903 | Zig:8    | Mangled by a juggernaut

Illustrated notes

Levels and vault maps discovered:
D:1:      scummos_arrival_simple_fountains, layout_basic
D:2:      layout_loops_ring, serial_shops, shop_fountains, uniq_terence
D:3:      layout_basic, overflow_temple_1_default,
          nicolae_overflow_two_pavilions, hex_intersection
D:4:      layout_loops_ring, grunt_gozag_statues, mainiacjoe_overflow_paths,
          uniq_eustachio
D:5:      layout_basic, lemuel_coloured_pillars_altar,
          minmay_temple_entry_ruins, serial_corexii_hall,
          corexii_hall_statues_deadend, corexii_hall_statues_s,
          chequers_hall_statues_corner_a, corexii_hall_statues_i,
          corexii_hall_statues_t, corexii_hall_statues_l,
          hangedman_decor_lopped, serial_bayou_pond_c
D:6:      cheibrodos_helix_gallery, layout_loops_ring, serial_shops, shop
D:7:      hellmonk_crumbling_castle, layout_layer_cave,
          mainiacjoe_overflow_catwalk, uniq_prince_ribbit1
D:8:      layout_loops_ring, grunt_dithmenos_shadows,
          chequers_temple_overflow_minitemple, david_lair_shrubbed, uniq_erica
D:9:      layout_roguey, fiery_altar_vehumet, amcnicky_mini_corridor_feature,
          minmay_fractal_squares_5, uniq_psyche
D:10:     layout_roguey, fedhas_altar_1
D:11:     layout_basic, david_orc_4, uniq_maurice
D:12:     layout_irregular_city, kiku_gazebo_garden_becter, uniq_snorg
D:13:     layout_cave_pools, serial_shops, shop, shop_fountains,
          nicolae_lakefront_shop, nicolae_shop_hallway_plus,
          nicolae_shop_competitors_out_of_business,
          hellmonk_guarded_unrand_vines
D:14:     layout_layer_cave, david_vaults_5, lemuel_blue_sif_altar,
          gammafunk_ghost_split, nicolae_stop_n_shop_2, chequers_avenue,
          uniq_azrael, uniq_jorgrun
D:15:     hangedman_depths_entry_civil_slaughter, layout_rooms,
          minmay_misc_feat_ornament, laboratory
Temple:   nicolae_temple_little_seven
Lair:1:   layout_chaotic_city, uniq_harold
Lair:2:   layout_regular_city, nicolae_shoals_entry_roost,
          guppyfry_snake_entry_garden, infiniplex_staircase_pool_2
Lair:3:   pond_and_an_island_with_a_cottage, layout_misc_corridors,
          grunt_forest_large_clearing_hut, lemuel_fruit_tree
Lair:4:   dreamdust_cave_troll, layout_regular_city, dpeg_slime_entry_enclosed
Lair:5:   minmay_lair_end_frog_pond, layout_layer_cave,
          gammafunk_ghost_hydra_chop
Shoals:1: layout_shoals, argonaut_gorgonesque, uniq_frances
Shoals:2: layout_shoals, wheals_shoals_ruined_temple
Shoals:3: layout_shoals, nicolae_shoals_seven_spires, regret_index_shoals_crete
Shoals:4: shoals_end_grunt_garden, layout_shoals, nicolae_shoals_wave_tunnel
Snake:1:  nicolae_snake_shooting_gallery, layout_chambers, uniq_donald,
          uniq_aizul
Snake:2:  layout_rooms, basic_altar, grunt_megastairs_2
Snake:3:  layout_onion
Snake:4:  grunt_snake_rune_serpentine_throne, layout_gridlike, serial_shops,
          shop
Slime:1:  layout_caves
Slime:2:  layout_caves
Slime:3:  layout_caves
Slime:4:  layout_caves
Slime:5
Orc:1:    layout_caves, uniq_urug
Orc:2:    pf_orc_diabolical, layout_caves, basic_altar
Elf:1:    nicolae_elf_arrival_no_cutting_in_line, layout_geoelf_octagon,
          serial_glass, glass_columns_a, glass_columns_b,
          hangedman_elf_represent, uniq_roxanne
Elf:2:    elven_hall_of_blades_hangedman_original
          [nicolae_blade_entry_hurt_lockers], layout_loops_corners,
          serial_shops, nicolae_shop_trees, shop, shop, drop_trap
Elf:3:    minmay_elf_hall_not_hex, layout_geoelf_castle
Vaults:1: st_octagons_2, hangedman_vaults_corner, v_misc_26,
          hangedman_vaults_nails, v_misc_24, grunt_vaults_hallway_long,
          ontoclasm_vaults_chip, layout_vaults_quadrants, serial_shops,
          freezing_bzr, nicolae_shop_hallway_stairs, uniq_zenata
Vaults:2: hangedman_vaults_river_flow, grunt_vaults_diagonal,
          grunt_vaults_hallway_long, v_misc_18, st_cells, v_alt_pattern_2,
          v_misc_17, vaults_room_door_hall, ontoclasm_vaults_fault,
          ontoclasm_vaults_ring_small, dpeg_vaults_monster_box,
          layout_vaults_ring, serial_shops, shop
Vaults:3: mu_enter_wizlab_1, hangedman_vaults_maws, grunt_vaults_trifunnel,
          nicolae_vaults_windows_and_doors_thing, ontoclasm_vaults_bender,
          nicolae_vaults_network_square, ontoclasm_vaults_claustrophobia,
          grunt_vaults_hallway_long, ontoclasm_vaults_chip,
          minmay_crypt_entry_necro_gods, v_misc_27,
          nicolae_vaults_little_squares_3, vaults_dpeg_hooks,
          nicolae_vaults_little_squares_1, layout_vaults_omnibox, serial_shops,
          shop_fountains
Vaults:4: nicolae_vaults_little_squares_5, nicolae_vaults_alarming, v_pattern_1,
          v_misc_22, vaults_room_stairs_pillars, v_alt_pattern_1,
          nicolae_vaults_statue_guard, hangedman_vaults_restitches,
          vaults_room_fancy_cross, layout_vaults_big_room, serial_shops,
          nicolae_shop_crystal, nicolae_trove_entry_path_of_doom
Vaults:5: serial_shops, uniq_frederick, uniq_sojobo
Crypt:1:  layout_rooms
Crypt:2:  layout_rooms, minmay_misc_feat_alley, uniq_jory
Crypt:3:  lightli_unholy_cathedral, layout_chaotic_city, grunt_ministairs_14,
          nzn_life_drinkers
Depths:1: layout_honeycomb, hangedman_decor_riveting, hell_entry, abyss_entry,
          drop_trap, nicolae_shop_gadgets, serial_bayou_shore_a
Depths:2: kennysheep_scales, layout_cave_pools, enter_ziggurat_c, hell_entry,
          grunt_pan_entry_spiral, lemuel_zombie_altar_yredelemnul,
          infiniplex_staircase_diamond, uniq_grunn
Depths:3: minmay_shoctagon, layout_gridlike, hangedman_geh_valley,
          abyss_entry_small_statue_room, infiniplex_staircase_river,
          minmay_misc_feat_roman, grunt_decor_one_mirror, grunt_megastairs_4
Depths:4: grunt_crosshair, layout_gridville, hangedman_decor_slide_cut,
          lightli_too_deep, minmay_shop_star, grunt_megastairs_5, uniq_josephina
Zot:1:    layout_misc_corridors
Zot:2:    layout_onion_interference, lemuel_elevator
Zot:3:    layout_concentric_octagons, grunt_megastairs_1
Zot:4:    layout_gridlike
Zot:5:    layout_twisted_circle, grunt_ministairs_13
Zig:8

Skill      XL: |  1  2  3  4  5  6  7  8  9 10 11 12 13 14 15 16 17 18 19 20 21 22 23 24 25 26 27 |
---------------+----------------------------------------------------------------------------------+-----
Fighting       | 3 4 5 6 8 9 11 12 13 14 15 16 17 19 | 19.4
Shields        | 3 4 8 10 11 | 11.5
Armour         | 3 4 5 6 7 8 10 11 | 11.5
Unarmed Combat | 3 4 6 8 10 11 12 14 15 16 17 | 17.2
Stealth        | 3 8 10 12 13 | 13.7
Dodging        | 3 5 8 9 11 12 14 16 17 | 17.0
Throwing       | 6 10 12 13 15 | 15.8
Evocations     | 6 8 11 | 11.5
Spellcasting   | 6 10 12 14 | 14.6
Translocations | 6 7 9 |  9.7
Air Magic      | 11 15 | 15.8
Summonings     | 9 12 | 12.0
Hexes          | 3 |  3.9
Conjurations   | 5 |  5.7

Action                     |  1- 3 |  4- 6 |  7- 9 | 10-12 | 13-15 | 16-18 | 19-21 | 22-24 | 25-27 || total
---------------------------+-------+-------+-------+-------+-------+-------+-------+-------+-------++-------
  Melee: Unarmed           |    63 |   175 |   305 |   392 |   994 |  1320 |  1121 |  1340 |  1053 ||  6763
         Bite              |    14 |    49 |    99 |   139 |   383 |   560 |   514 |   725 |   579 ||  3062
  Throw: Dart              |       |       |     1 |     6 |     7 |     6 |       |       |     1 ||    21
         Throwing net      |       |       |     1 |     1 |       |       |       |     1 |     1 ||     4
         Javelin           |       |       |       |     2 |     9 |     7 |    29 |       |     9 ||    56
         Boomerang         |       |       |       |       |       |       |    46 |   130 |   306 ||   482
   Cast: Blink             |       |       |       |       |       |       |       |       |     6 ||     6
         Summon Forest     |       |       |       |       |       |       |       |       |     4 ||     4
         Mephitic Cloud    |       |       |       |       |       |       |       |       |     3 ||     3
 Invoke: Curse Item        |       |       |     4 |     3 |     2 |     3 |     3 |     2 |     2 ||    19
         Shatter the Chain |       |       |       |       |     2 |     2 |     2 |     3 |     1 ||    10
  Evoke: Wand              |       |     1 |     4 |     8 |    11 |     5 |     9 |     3 |     7 ||    48
         Tin of tremorston |       |       |       |     1 |       |     2 |     2 |       |     3 ||     8
         Box of beasts     |       |       |       |       |     3 |       |     1 |       |     2 ||     6
         Condenser vane    |       |       |       |       |     1 |     2 |     6 |     2 |     1 ||    12
         Phial of floods   |       |       |       |       |       |     2 |     1 |     1 |       ||     4
         Phantom mirror    |       |       |       |       |       |       |     1 |       |     1 ||     2
         Lightning rod     |       |       |       |       |       |       |       |     2 |     5 ||     7
    Use: Potion            |     1 |       |     3 |     4 |     6 |     2 |     4 |     5 |     1 ||    26
         Scroll            |       |       |     4 |     5 |    10 |     5 |     8 |    12 |     8 ||    52
   Stab: Held in net/web   |       |       |     1 |     1 |       |       |       |       |       ||     2
         Distracted        |       |       |       |       |     6 |     9 |    12 |     7 |     8 ||    42
         Sleeping          |       |       |       |       |    14 |    26 |    26 |    25 |    26 ||   117
         Fleeing           |       |       |       |       |     1 |       |       |       |       ||     1
         Confused          |       |       |       |       |       |       |       |       |     3 ||     3
 Armour: Scale mail        |    15 |    60 |   127 |   134 |   309 |   276 |   242 |   220 |   182 ||  1565
         Skin              |       |       |       |     8 |    13 |       |       |       |       ||    21
         Robe              |       |       |       |       |     2 |       |       |       |       ||     2
  Dodge: Dodged            |    21 |    73 |   115 |   144 |   465 |   477 |   456 |   650 |   502 ||  2903
  Block: Buckler           |    10 |    37 |    54 |    73 |   221 |       |       |       |       ||   395
         Kite shield       |       |       |       |       |    63 |  1008 |   706 |   851 |   682 ||  3310

Table legend: (Time is in decaauts)
 A = Elapsed time spent in this place.
 B = Non-inter-level travel time spent in this place.
 C = Inter-level travel time spent in this place.
 D = Time resting spent in this place.
 E = Time spent auto-exploring this place.
 F = Levels seen in this place.
 G = Mean time per level.
                   A        B        C        D        E       F      G
               +--------+--------+--------+--------+--------+-----+--------+
         Total |  76178 |  68158 |   8020 |  19101 |  25302 |  68 | 1120.3 |
       Dungeon |  20550 |  17788 |   2762 |   5330 |   8207 |  15 | 1370.0 |
        Temple |    241 |    233 |      8 |    200 |      0 |   1 |  241.0 |
          Lair |   9140 |   8056 |   1084 |   3198 |   1812 |   5 | 1828.0 |
        Shoals |   5731 |   5534 |    197 |   1582 |   1965 |   4 | 1432.8 |
     Snake Pit |   7729 |   7431 |    298 |   2761 |   1791 |   4 | 1932.2 |
    Slime Pits |   1068 |    974 |     94 |     24 |    241 |   5 |  213.6 |
  Orcish Mines |   1909 |   1480 |    429 |    200 |    642 |   2 |  954.5 |
   Elven Halls |   5185 |   4938 |    247 |   1209 |   1624 |   3 | 1728.3 |
        Vaults |  11331 |   9545 |   1786 |   2951 |   3383 |   5 | 2266.2 |
         Crypt |   2688 |   2599 |     89 |    558 |   1108 |   3 |  896.0 |
        Depths |   4796 |   3997 |    799 |    377 |   2161 |   4 | 1199.0 |
           Zot |   4331 |   4108 |    223 |    367 |   2307 |   5 |  866.2 |
         Abyss |    704 |    704 |      0 |    128 |     61 |   2 |  352.0 |
      Ziggurat |    533 |    533 |      0 |    213 |      0 |   8 |   66.6 |
        Bazaar |    158 |    158 |      0 |      0 |      0 |   1 |  158.0 |
         Trove |     75 |     75 |      0 |      0 |      0 |   1 |   75.0 |
               +--------+--------+--------+--------+--------+-----+--------+

Top non-repeatable levels by time:
Vaults:4: 4321 daAuts
 Snake:4: 3098 daAuts
  Lair:2: 2930 daAuts
 Snake:1: 2379 daAuts
    D:12: 2323 daAuts
Vaults:1: 2282 daAuts
    D:14: 2047 daAuts
  Lair:1: 1998 daAuts
   Elf:3: 1978 daAuts
Shoals:3: 1928 daAuts
     D:7: 1896 daAuts
  Lair:3: 1882 daAuts
    D:15: 1866 daAuts
   Elf:2: 1818 daAuts
Vaults:5: 1766 daAuts
